 Dungeon Crawl Stone Soup version 0.18.1-50-g88ac8fd (webtiles) character file.

44 HumanTension the Magician (level 3, -2/21 HPs)
             Began as a High Elf Wizard on Oct 18, 2016.
             Slain by an adder (4 damage)
             ... on level 2 of the Dungeon.
             The game lasted 00:08:01 (1303 turns).

HumanTension the Magician (High Elf Wizard)         Turns: 1303, Time: 00:08:01

Health: -2/21      AC:  3    Str:  7    XL:     3   Next: 39%
Magic:  0/10       EV: 12    Int: 22    God:
Gold:   95         SH:  0    Dex: 13    Spells: 1 memorised, 10 levels left

rFire  . . .     SeeInvis .     r - +0 mace
rCold  . . .     Gourm    .     a - +0 robe
rNeg   . . .     Faith    .     (no shield)
rPois  .         Spirit   .     b - +0 hat
rElec  .         Dismiss  .     (no cloak)
rCorr  .         Reflect  .     h - +0 pair of gloves
SustAt .         Harm     .     (no boots)
MR     .....                    (no amulet)
Stlth  ++........               (no ring)
                                (no ring)

@: not resistant to hostile enchantments, unstealthy
A: no striking features
a: no special abilities


You were on level 2 of the Dungeon.
You were hungry.

You visited 1 branch of the dungeon, and saw 2 of its levels.

You collected 95 gold pieces.

Inventory:

Hand Weapons
 r - a +0 mace (weapon)
Armour
 a - a +0 robe (worn)
 b - a +0 hat (worn)
 h - a +0 pair of gloves (worn)
Jewellery
 k - an uncursed ring of poison resistance {unknown}
Scrolls
 e - a scroll of enchant weapon {unknown}
 f - a scroll of fog {unknown}
 g - 2 scrolls of identify {unknown}
 i - a scroll of remove curse {unknown}
 j - 3 scrolls of enchant armour {unknown}
 l - a scroll of magic mapping {unknown}
 n - a scroll of teleportation {unknown}
Potions
 m - 2 potions of flight {unknown}
 o - a potion of curing {unknown}
 p - a potion of mutation {unknown}
 q - a potion of might {unknown}
Books
 c - a book of Minor Magic

   Spells                             Type                      Level
   a - Magic Dart                     Conjuration                  1
   b - Blink                          Translocation                2
   c - Call Imp                       Summoning                    2
   d - Repel Missiles                 Charms/Air                   2
   e - Slow                           Hexes                        2
   f - Conjure Flame                  Conjuration/Fire             3
   g - Mephitic Cloud                 Conjuration/Poison/Air       3
Comestibles
 d - 4 bread rations


   Skills:
 + Level 2.4 Dodging
 + Level 2.3 Stealth
 + Level 4.5 Spellcasting
 + Level 2.1 Conjurations
   Level 0.8 Summonings
   Level 1.1 Translocations


You had 10 spell levels left.
You knew the following spells:

 Your Spells              Type           Power        Failure   Level  Hunger
a - Magic Dart            Conj           ##..         6%          1    None


Dungeon Overview and Level Annotations

Branches:
Dungeon (2/15)

Altars:
Elyvilon


Message History

Aiming: Magic Dart
Press: ? - help, Shift-Dir - straight line, f/p - adder
Aim: an adder (heavily wounded)
The magic dart hits the adder.
The adder is severely wounded.
The adder completely misses you. The adder bites you.
* * * LOW HITPOINT WARNING * * *
Casting: Magic Dart
Confirm with . or Enter, or press ? or * to list all spells.
Aiming: Magic Dart
Press: ? - help, Shift-Dir - straight line, f/p - adder
Aim: an adder (severely wounded)
The magic dart hits the adder.
The adder is almost dead.
The adder bites you.
* * * LOW HITPOINT WARNING * * *
You barely miss the adder.
The adder is almost dead.
The adder bites you.
You die...

#########
##.....).#
#@..####.#
......S#..#
#.#
..#...##..#
#.# ...?..
...# #.# ..#..
#...# #.#
..... ....##
#.# #####
##########..#
#.# ..#.#
#..#.# ##.#
#.#
....#####..#.#
#.# #.#


You could see an adder.

Vanquished Creatures
  Jessica (D:2)
  A bat (D:1)
  4 goblins (D:2)
  4 hobgoblins
  A quokka (D:2)
  3 giant newts (D:2)
  4 rats (D:1)
18 creatures vanquished.

Notes
Turn   | Place    | Note
--------------------------------------------------------------
     0 | D:1      | HumanTension the High Elf Wizard began the quest for the Orb.
     0 | D:1      | Reached XP level 1. HP: 11/11 MP: 6/6
   722 | D:1      | Reached skill level 4 in Spellcasting
   819 | D:2      | Reached XP level 2. HP: 17/17 MP: 4/8
  1005 | D:2      | Found a white marble altar of Elyvilon.
  1291 | D:2      | Noticed Jessica
  1298 | D:2      | Killed Jessica
  1298 | D:2      | Reached XP level 3. HP: 9/21 MP: 3/10
  1303 | D:2      | Slain by an adder

Skill      XL: |  1  2 |
---------------+-------+-----
Spellcasting   | 4 |  4.5
Conjurations   | 2 |  2.1
Dodging        | |  2.4
Stealth        | |  2.3
Summonings     | |  0.8
Translocations | |  1.1

Action                   || total
-------------------------++-------
Melee: Mace              ||     4
 Cast: Magic Dart        ||    47
Armor: Robe              ||     3
Dodge: Dodged            ||    10
